 Dungeon Crawl Stone Soup version 0.30-a0-879-ga8ba668304 (webtiles) character file.

Game seed: 15642471602293501718

377 M4edhros the Trooper (level 6, -6/45 HPs)
             Began as an Octopode Chaos Knight on Mar 14, 2023.
             Was a Plaything of Xom.
             Mangled by a gnoll
             ... wielding a +0 halberd
              (11 damage)
             ... on level 4 of the Dungeon.
             The game lasted 00:03:07 (17888 turns).

M4edhros the Trooper (Octopode Chaos Knight)       Turns: 17888, Time: 00:03:07

Health: -6/45      AC:  1    Str: 15      XL:     6   Next: 73%
Magic:  6/6        EV: 14    Int: 15      God:    Xom [*.....]
Gold:   996        SH:  0    Dex:  8 (9)  Spells: 5/5 levels left

rFire   . . .      SeeInvis .    a - +1 mace (chaos)
rCold   . . .      Faith    .    (no shield)
rNeg    . . .      Spirit   .    (helmet restricted)
rPois   .          Reflect  .    t - amulet of the acrobat
rElec   .          Rampage  .    e - +6 ring of strength
rCorr   .                        (no ring)
Will    .....                    (no ring)
Stlth   ++                       (no ring)
HPRegen 0.27/turn                (no ring)
MPRegen 0.10/turn                (no ring)
                                 (no ring)
                                 (no ring)

@: no status effects
A: almost no armour, amphibious, 8 rings, camouflage 1, gelatinous body 1,
(nimble swimmer 1), tentacles, clumsy 2, weak 1, no potion heal 1, MP-powered
wands
a: Renounce Religion


You were on level 4 of the Dungeon.
You worshipped Xom.
You were a special plaything of Xom.
You visited 1 branch of the dungeon, and saw 4 of its levels.

You collected 996 gold pieces.

Inventory:

Hand Weapons
 a - a +1 mace of chaos (weapon)
Missiles
 o - 5 poisoned darts
 r - 19 stones
Jewellery
 e - a +6 ring of strength (left tentacle)
 t - an amulet of the acrobat (around mantle)
Wands
 w - a wand of digging (6)
Scrolls
 f - 4 scrolls of identify {unknown}
 g - 2 scrolls of poison {unknown}
 h - 2 scrolls of immolation {unknown}
 i - a scroll of blinking {unknown}
 j - 2 scrolls of teleportation {unknown}
 k - 4 scrolls of vulnerability {unknown}
 s - 2 scrolls of enchant weapon
 v - a scroll of magic mapping {unknown}
 x - a scroll of silence {unknown}
 y - a scroll of fog {unknown}
Potions
 c - 2 potions of cancellation {unknown}
 d - a potion of brilliance {unknown}
 l - a potion of lignification
 m - a potion of magic {unknown}
 n - a potion of ambrosia {unknown}
 p - 2 potions of degeneration {unknown}
 q - 2 potions of invisibility {unknown}
Miscellaneous
 b - a piece from Xom's chessboard (15/15) (quivered)


   Skills:
 + Level 5.6 Fighting
 - Level 3.0 Maces & Flails
 + Level 5.2 Dodging


You had 5 spell levels left.
You didn't know any spells.
Your spell library was empty.

Dungeon Overview and Level Annotations

Branches:
Dungeon (4/15)
 Temple: D:4-7

Altars:


Innate Abilities, Weirdness & Mutations

You cannot wear most types of armour.
You are amphibious.
You can wear up to eight rings at the same time.
Your skin changes colour to match your surroundings (Stealth+).
Your rubbery body absorbs attacks. (AC +1, EV +1)
((You are camouflaged when in or above water. (Stealth+)))
You have tentacles for arms and can constrict up to eight enemies at once.
You are very clumsy. (Dex -4)
You are weak. (Str -2)
Potions are less effective at restoring your health.
You expend magic power (3 MP) to strengthen your wands.


Message History

The gnoll shouts!
You hit the adder but do no damage. You squeeze the adder.
You kill the adder!
You feel sick.
The kobold throws a stone.
The stone closely misses you.
You feel sick.
You hit the kobold.
You kill the kobold!
You feel sick. The gnoll barely misses you.
You feel sick.
You are no longer poisoned.
The gnoll completely misses you. x2; The gnoll misses you.
Things that are here:
a +0 dagger; 5 stones Unknown command.
You hit the worm.
The worm seems to speed up.
You grab the worm.
The worm is moderately wounded.
You constrict the worm.
The gnoll hits you from afar with a +0 halberd!
The gnoll hits you with a +0 spear. The gnoll barely misses you.
Unknown command.
You sock the worm! You burn the worm.
The worm is almost dead.
You constrict the worm.
You kill the worm!
The gnoll barely misses you. x2; The gnoll misses you.
The gnoll hits you with a +0 spear!
* * * LOW HITPOINT WARNING * * *
You are too injured to fight recklessly!
Unknown command.
Okay, then.
Okay, then.
Your system partially rejects the healing.
You feel much better. The gnoll hits you with a +0 halberd.
The gnoll closely misses you. x2
You hit the gnoll. Your grab misses the gnoll.
The gnoll is moderately wounded.
The gnoll hits you with a +0 halberd!
* * * LOW HITPOINT WARNING * * *
The gnoll hits you from afar with a +0 halberd!
You die...

##.......~..~.#
#~...~~..~..~~~
~~..~..~..~..~~
~~..~..~⌠.~...~
~~...~.⌠~..~..~~
~~~..~.g~..~..~~
#~~~..~.g~~...~# .
#.~..†@g.....# ##.
#..~~........# #..
##.....[......## ###.##
#.............(# #....#
#######....#### #.#..###
##.....## #.#..#.##
##.......#
###.#.....####.........#
.............'.........+


You could see 3 gnolls.

Vanquished Creatures
  Grinder (D:3)
  A centaur zombie (D:3)
  A scorpion zombie (D:3)
  A hound zombie (D:3)
  A hound skeleton (D:3)
  2 adders
  2 worms
  A dart slug (D:3)
  5 orcs (D:3)
  5 ball pythons
  3 bats
  7 endoplasms
  9 goblins
  2 hobgoblins
  2 quokkas
  2 ball python skeletons (D:3)
  4 frilled lizards
  A giant cockroach zombie (D:3)
  A jackal zombie (D:3)
  4 kobolds
  4 rats
59 creatures vanquished.

Vanquished Creatures (others)
  A withered plant (D:3)
1 creature vanquished.

Grand Total: 60 creatures vanquished

Notes
Turn   | Place    | Note
-------+----------+-------------------------------------------
     0 | D:1      | M4edhros the Octopode Chaos Knight began the quest for the
                  | Orb.
     0 | D:1      | Reached XP level 1. HP: 16/16 MP: 1/1
    40 | D:1      | XOM: divination: detect items
   170 | D:1      | Reached XP level 2. HP: 19/21 MP: 2/2
   355 | D:1      | XOM: silly message
   496 | D:1      | XOM: silly message
   626 | D:1      | XOM: silly message
   780 | D:2      | Reached XP level 3. HP: 21/26 MP: 3/3
  1405 | D:3      | Found a faded altar of an unknown god.
  1445 | D:3      | Noticed Grinder
  1447 | D:3      | Paralysed by Grinder for 4 turns
  1454 | D:3      | XOM: divination: detect creatures
  1471 | D:3      | Killed Grinder
  1472 | D:3      | Reached skill level 5 in Fighting
  1472 | D:3      | Reached XP level 4. HP: 12/35 MP: 4/4
  1472 | D:3      | Reached XP level 5. HP: 14/39 MP: 5/5
  1472 | D:3      | Reached XP level 6. HP: 16/45 MP: 6/6
  1771 | D:1      | XOM: silly message
  2072 | D:1      | XOM: noise
  2420 | D:1      | XOM: stat loss: -1 Dex (12/13)
  3119 | D:1      | XOM: give mutations
  3119 | D:1      | Gained mutation: You occasionally lose the ability to drink
                  | potions when taking damage. [Xom's mischief]
  3119 | D:1      | Gained mutation: You are clumsy. (Dex -2) [Xom's mischief]
  3119 | D:1      | Gained mutation: You sometimes lose the ability to drink
                  | potions when taking damage. [Xom's mischief]
  3119 | D:1      | Gained mutation: You occasionally shout uncontrollably at
                  | your foes. [Xom's mischief]
  4171 | D:1      | XOM: noise
  4200 | D:1      | XOM: give mutations
  4200 | D:1      | Lost mutation: You are clumsy. (Dex -2) [Xom's mischief]
  4200 | D:1      | Gained mutation: You are dopey. (Int -2) [Xom's mischief]
  4200 | D:1      | Gained mutation: You are strong-willed. (Will+) [Xom's
                  | mischief]
  4775 | D:1      | XOM: stat loss: -1 Dex (11/13)
  5097 | D:1      | XOM is BORED!
  5548 | D:1      | XOM: give mutations
  5548 | D:1      | Lost mutation: You occasionally shout uncontrollably at
                  | your foes. [Xom's mischief]
  5548 | D:1      | Lost mutation: You are dopey. (Int -2) [Xom's mischief]
  5728 | D:1      | XOM: torment (24/45 hp)
  6538 | D:1      | XOM: give mutations
  6538 | D:1      | Lost mutation: You sometimes lose the ability to drink
                  | potions when taking damage. [Xom's mischief]
  6538 | D:1      | Gained mutation: You are dopey. (Int -2) [Xom's mischief]
  6538 | D:1      | Gained mutation: You are very dopey. (Int -4) [Xom's
                  | mischief]
  6625 | D:1      | XOM: silly message
  6723 | D:1      | XOM: give mutation
  6723 | D:1      | Gained mutation: You are partially covered in iridescent
                  | scales. (AC +2) [Xom's mischief]
  7085 | D:1      | XOM: give mutations
  7085 | D:1      | Lost mutation: You are very dopey. (Int -4) [Xom's
                  | mischief]
  7085 | D:1      | Lost mutation: You are dopey. (Int -2) [Xom's mischief]
  7085 | D:1      | Gained mutation: You are dopey. (Int -2) [Xom's mischief]
  7085 | D:1      | Lost mutation: You are dopey. (Int -2) [Xom's mischief]
  7193 | D:1      | XOM: give mutations
  7193 | D:1      | Gained mutation: You are frail. (-10% HP) [Xom's mischief]
  7193 | D:1      | Gained mutation: You are clumsy. (Dex -2) [Xom's mischief]
  7193 | D:1      | Gained mutation: You are mostly covered in iridescent
                  | scales. (AC +4) [Xom's mischief]
  7275 | D:1      | XOM: summons 1 hostile shadow creature
  7317 | D:1      | XOM: silly message
  7345 | D:1      | XOM: torment (21/40 hp)
  7536 | D:1      | XOM: god gift: 764 gold pieces
  7599 | D:1      | XOM: 9-stop teleportation journey
  7992 | D:1      | XOM: give mutation
  7992 | D:1      | Gained mutation: One of your tentacles bears a spike.
                  | [Xom's grace]
  8093 | D:1      | XOM is BORED!
  8237 | D:1      | XOM: give mutation
  8237 | D:1      | Gained mutation: You passively map a small area around you.
                  | [Xom's grace]
  8771 | D:1      | XOM: god gift: 49 gold pieces
  9258 | D:1      | XOM: god gift: 2 stones
  9292 | D:1      | XOM: give mutations
  9292 | D:1      | Lost mutation: You are frail. (-10% HP) [Xom's grace]
  9292 | D:1      | Gained mutation: Your flesh is cold resistant. (rC+) [Xom's
                  | grace]
  9292 | D:1      | Gained mutation: You expend magic power (3 MP) to
                  | strengthen your wands. [Xom's grace]
  9292 | D:1      | Lost mutation: You are clumsy. (Dex -2) [Xom's grace]
 10174 | D:1      | XOM: god gift: 3 scrolls labelled IRUPSI HUMOUDGH {god
                  | gift}
 10237 | D:1      | XOM is BORED!
 10433 | D:1      | XOM: noise
 11204 | D:1      | XOM: give mutations
 11204 | D:1      | Lost mutation: You are strong-willed. (Will+) [Xom's
                  | mischief]
 11204 | D:1      | Gained mutation: Potions are less effective at restoring
                  | your health. [Xom's mischief]
 11204 | D:1      | Gained mutation: You are clumsy. (Dex -2) [Xom's mischief]
 11204 | D:1      | Lost mutation: You are mostly covered in iridescent scales.
                  | (AC +4) [Xom's mischief]
 11525 | D:1      | XOM: silly message
 12238 | D:1      | XOM: torment (24/45 hp)
 12364 | D:1      | XOM: torment (24/45 hp)
 13005 | D:1      | XOM is BORED!
 13005 | D:1      | XOM: give mutations
 13005 | D:1      | Lost mutation: You are partially covered in iridescent
                  | scales. (AC +2) [Xom's mischief]
 13005 | D:1      | Gained mutation: You are very clumsy. (Dex -4) [Xom's
                  | mischief]
 13005 | D:1      | Gained mutation: You occasionally lose the ability to read
                  | scrolls when taking damage. [Xom's mischief]
 13619 | D:1      | XOM: give mutation
 13619 | D:1      | Lost mutation: You passively map a small area around you.
                  | [Xom's mischief]
 13825 | D:1      | XOM: summons 4 hostile demons
 13826 | D:1      | Noticed a chaos spawn
 13826 | D:1      | Noticed a chaos spawn
 13826 | D:1      | Noticed an orange demon
 14609 | D:1      | XOM: silly message
 14892 | D:1      | XOM is BORED!
 14892 | D:1      | XOM: summons 4 hostile demons
 15027 | D:1      | XOM: give mutations
 15027 | D:1      | Gained mutation: You are weak. (Str -2) [Xom's mischief]
 15027 | D:1      | Gained mutation: You are very weak. (Str -4) [Xom's
                  | mischief]
 15027 | D:1      | Gained mutation: You sometimes lose the ability to read
                  | scrolls when taking damage. [Xom's mischief]
 15270 | D:1      | XOM: give mutations
 15270 | D:1      | Lost mutation: Your flesh is cold resistant. (rC+) [Xom's
                  | mischief]
 15270 | D:1      | Lost mutation: You sometimes lose the ability to read
                  | scrolls when taking damage. [Xom's mischief]
 15286 | D:1      | XOM: torment (24/45 hp)
 15534 | D:1      | XOM: torment (24/45 hp)
 15917 | D:1      | XOM: give mutations
 15917 | D:1      | Lost mutation: You are very weak. (Str -4) [Xom's mischief]
 15917 | D:1      | Lost mutation: You occasionally lose the ability to drink
                  | potions when taking damage. [Xom's mischief]
 15917 | D:1      | Lost mutation: You occasionally lose the ability to read
                  | scrolls when taking damage. [Xom's mischief]
 15917 | D:1      | Lost mutation: One of your tentacles bears a spike. [Xom's
                  | mischief]
 16123 | D:1      | XOM: silly message
 16270 | D:1      | XOM: silly message
 16981 | D:1      | Glimpsed the power of Zot.
 17071 | D:3      | Reached skill level 5 in Dodging
 17470 | D:3      | Glimpsed the power of Zot.
 17888 | D:4      | Mangled by a gnoll

Illustrated notes

Levels and vault maps discovered:
D:1:      dpeg_arrival_brainrot, layout_basic
D:2:      layout_loops_ring, serial_bayou_pond_d, st_stairs_1
D:3:      layout_basic, chequers_ecumenical_altar_simple_redux, serial_undead,
          serial_undead_d, serial_undead_c, serial_undead_e, serial_undead_e,
          serial_undead_b, serial_undead_f, minmay_circle_x, uniq_grinder
D:4:      cheibrodos_helix_gallery, layout_loops_corners, kennysheep_donut

Skill      XL: |  1  2  3  4  5  6 |
---------------+-------------------+-----
Dodging        | 3 4 5 |  5.2
Fighting       | 5 |  5.6
Maces & Flails | |  3.0

Action                     |  1- 3 |  4- 6 || total
---------------------------+-------+-------++-------
  Melee: Mace              |    66 |    61 ||   127
         Tentacles         |     5 |     8 ||    13
         Constrict         |     9 |    11 ||    20
    Use: Potion            |     2 |     1 ||     3
         Scroll            |       |     1 ||     1
   Stab: Paralysed         |     2 |     2 ||     4
         Sleeping          |     6 |     1 ||     7
         Petrified         |    10 |       ||    10
         Petrifying        |     1 |       ||     1
 Armour: Skin              |    12 |    11 ||    23
  Dodge: Dodged            |    33 |    77 ||   110

Table legend: (Time is in decaauts)
 A = Elapsed time spent in this place.
 B = Non-inter-level travel time spent in this place.
 C = Inter-level travel time spent in this place.
 D = Time resting spent in this place.
 E = Time spent auto-exploring this place.
 F = Levels seen in this place.
 G = Mean time per level.
                   A        B        C        D        E       F      G
               +--------+--------+--------+--------+--------+-----+--------+
         Total |  17921 |  17840 |     81 |  15448 |   1960 |   4 | 4480.2 |
       Dungeon |  17921 |  17840 |     81 |  15448 |   1960 |   4 | 4480.2 |
               +--------+--------+--------+--------+--------+-----+--------+

Top non-repeatable levels by time:
     D:1: 15951 daAuts
     D:2: 1016 daAuts
     D:3: 846 daAuts
     D:4: 107 daAuts
